 Dungeon Crawl Stone Soup version 0.29.1-1-gd02db6906a (webtiles) character file.

Game seed: 10400264694475230880

208 Ashen the Chiller (level 5, 14/38 HPs)
             Began as a Demonspawn Ice Elementalist on Sept 17, 2022.
             Got out of the dungeon alive.
             The game lasted 00:06:26 (3595 turns).

Ashen the Chiller (Demonspawn Ice Elementalist)     Turns: 3595, Time: 00:06:27

Health: 14/38      AC:  5    Str:  9    XL:     5   Next: 55%
Magic:  7/9        EV: 11    Int: 18    God:
Gold:   64         SH:  3    Dex: 13    Spells: 2/9 levels left

rFire   . . .      SeeInvis .   (no weapon)
rCold   + . .      Faith    .   m - +0 buckler
rNeg    + . .      Spirit   .   p - +2 leather armour {rC+}
rPois   .          Reflect  .   (helmet restricted)
rElec   .          Harm     .   (no cloak)
rCorr   .          Rampage  .   (no gloves)
Will    .....                   (no boots)
Stlth   ++........              (no amulet)
HPRegen 0.12/turn               f - ring of wizardry
MPRegen 0.11/turn               i - ring of positive energy

@: no status effects
A: horns 1, powered by death 1, spiny 1
a: no special abilities


You escaped.
You visited 1 branch of the dungeon, and saw 3 of its levels.

You collected 64 gold pieces.

Inventory:

Armour
 m - a +0 buckler (worn)
 p - a +2 leather armour of cold resistance (worn)
Jewellery
 f - a ring of wizardry (left hand)
 i - a ring of positive energy (right hand)
Wands
 h - a wand of roots (6)
Scrolls
 c - a scroll of torment {unknown}
 d - 3 scrolls of teleportation {unknown}
 k - a scroll of identify {unknown}
 l - a scroll of poison {unknown}
 o - a scroll of magic mapping {unknown}
Potions
 b - a potion of magic
 e - a potion of brilliance {unknown}
 g - a potion of haste {unknown}
 j - a potion of attraction {unknown}
 n - a potion of ambrosia {unknown}


   Skills:
 + Level 2.1 Fighting
 + Level 2.7 Dodging
 + Level 2.8 Stealth
 + Level 0.6 Shields
 + Level 2.9 Spellcasting
 + Level 4.2 Ice Magic


You had 2 spell levels left.
You knew the following spells:

 Your Spells              Type           Power      Damage    Failure   Level
a - Freeze                Ice            72%        1d9       2%          1
b - Frozen Ramparts       Ice            36%        1d6       6%          3
c - Ozocubu's Armour      Ice            18%        N/A       6%          3

Your spell library contained the following spells:

 Spells                   Type           Power      Damage    Failure   Level
 Hailstorm                Conj/Ice       10%        3d5       45%         4


Dungeon Overview and Level Annotations

Branches:
Dungeon (3/15)

Altars:


Innate Abilities, Weirdness & Mutations

You have a pair of small horns on your head.
You regenerate a little health from kills.
You are partially covered in sharp spines.


Message History

Press: ? - help, Shift-Dir - straight line, f - ogre
Aim: an ogre, wielding a +0 giant spiked club (lightly wounded)
You freeze the ogre.
The ogre is moderately wounded.
The wall freezes the ogre.
The ogre hits you with a +0 giant spiked club!!
Ouch! That really hurt!
* * * LOW HITPOINT WARNING * * *
Casting: Freeze (safe; 2% risk of failure)
Confirm with . or Enter, or press ? or * to list all spells.
Aiming: Freeze (safe; 2% risk of failure)
Press: ? - help, Shift-Dir - straight line, f/p - ogre
Aim: an ogre, wielding a +0 giant spiked club (heavily wounded)
You freeze the ogre.
The ogre is severely wounded.
Unknown command.
Casting: Freeze (safe; 2% risk of failure)
Confirm with . or Enter, or press ? or * to list all spells.
Aiming: Freeze (safe; 2% risk of failure)
Press: ? - help, Shift-Dir - straight line, f/p - ogre
Aim: an ogre, wielding a +0 giant spiked club (severely wounded)
You freeze the ogre!
The ogre is almost dead.
The wall freezes the ogre.
You kill the ogre!
Your Fighting skill increases to level 2!
You have reached level 5!
Your demonic ancestry asserts itself...
Sharp spines emerge from parts of your body.
Unknown command.
The frozen ramparts melt away as you move.
There is a stone staircase leading up here.
You climb upwards.
There is a stone staircase leading down here.
There is a stone staircase leading up here.
You climb upwards.
There is a stone staircase leading down here.
There is a staircase leading out of the dungeon here.
Are you sure you want to leave the Dungeon?
This will make you lose the game!
You have escaped!

#####....#...........####[...#
#....♣♣♣...♣♣♣....## ##.#.#
#.#.♣♣......[♣♣>.## ###.##
#.#♣♣.........♣♣## #..#
#.#♣....♣.♣....♣ ##.#
#.#♣.....⌠.....♣ #.#
##.#♣....♣.♣...♣# #.#
#...♣♣..........♣ ####### #.#
#..##♣♣.....♣#.@♣##.....# #.#
#.....♣♣♣♣♣♣♣♣♣♣#.#.###.####†#
#.####.#..# #..##.# #......#
#..^...#..#####.###.###.######
########.=......###.....#
#.###...........##
#.######.####.#.# #........#
#.#.# ########.# #.#.#


There were no monsters in sight!

Vanquished Creatures
  An ogre (D:3)
  Jessica (D:2)
  3 adders (D:2)
  2 worms (D:2)
  2 dart slugs
  3 orcs (D:3)
  4 endoplasms
  3 giant cockroaches
  2 goblins
  4 hobgoblins
  8 jackals (D:2)
  3 ball pythons
  6 bats (D:2)
  2 frilled lizards
  9 kobolds
  7 rats
60 creatures vanquished.

Notes
Turn   | Place    | Note
-------+----------+-------------------------------------------
     0 | D:1      | Ashen the Demonspawn Ice Elementalist began the quest for
                  | the Orb.
     0 | D:1      | Reached XP level 1. HP: 13/13 MP: 3/3
   425 | D:1      | Gained mutation: You regenerate a little health from kills.
                  | [demonic ancestry]
   425 | D:1      | Reached XP level 2. HP: 18/20 MP: 1/5
  1098 | D:1      | You fall into a shaft and drop 1 floor!
  1286 | D:2      | Reached skill level 1 in Fighting
  1286 | D:2      | Reached XP level 3. HP: 24/26 MP: 2/6
  1527 | D:1      | Learned a level 3 spell: Frozen Ramparts
  1729 | D:2      | Found a faded altar of an unknown god.
  1729 | D:2      | Noticed a shining eye
  1731 | D:2      | Noticed an eye of devastation
  1731 | D:2      | Noticed a floating eye
  1731 | D:2      | Noticed a great orb of eyes
  1981 | D:2      | Noticed Jessica
  1990 | D:2      | Killed Jessica
  1991 | D:2      | Reached skill level 4 in Ice Magic
  1991 | D:2      | Gained mutation: You have a pair of small horns on your
                  | head. [demonic ancestry]
  1991 | D:2      | Reached XP level 4. HP: 4/32 MP: 2/7
  2672 | D:2      | Learned a level 3 spell: Ozocubu's Armour
  3534 | D:3      | Noticed an ogre
  3548 | D:3      | Killed an ogre
  3549 | D:3      | Gained mutation: You are partially covered in sharp spines.
                  | [demonic ancestry]
  3549 | D:3      | Reached XP level 5. HP: 9/38 MP: 2/9
  3595 | D:$      | Got out of the dungeon alive.

Illustrated notes

Levels and vault maps discovered:
D:1:      amcnicky_arrival_underground_garden, layout_loops_corners
D:2:      layout_loops_ring, hellmonk_ecumenical_altar_watching_god,
          uniq_jessica
D:3:      layout_rooms

Skill      XL: |  1  2  3  4 |
---------------+-------------+-----
Stealth        | 2 |  2.8
Dodging        | 2 |  2.7
Fighting       | 1 2 |  2.1
Ice Magic      | 4 |  4.2
Shields        | |  0.6
Spellcasting   | |  2.9

Action                   |  1- 3 |  4- 6 || total
-------------------------+-------+-------++-------
Melee: Unarmed           |    25 |    10 ||    35
       Punch             |     1 |       ||     1
       Headbutt          |       |     3 ||     3
 Cast: Freeze            |    57 |    53 ||   110
       Frozen Ramparts   |       |     2 ||     2
 Stab: Sleeping          |     2 |     1 ||     3
Armor: Robe              |    12 |     9 ||    21
       Leather armour    |       |     1 ||     1
Dodge: Dodged            |    44 |    22 ||    66
